 Dungeon Crawl Stone Soup version 0.23-a0-705-g0e654d2 (webtiles) character file.

352 zishaf the Digger (level 6, 0/48 HPs)
             Began as a Formicid Earth Elementalist on Jan 15, 2019.
             Slain by Ijyb (3 damage)
             ... on level 3 of the Dungeon.
             The game lasted 00:09:21 (3653 turns).

zishaf the Digger (Formicid Earth Elementalist)     Turns: 3653, Time: 00:09:21

Health: 0/48       AC:  2    Str: 14    XL:     6   Next: 93%
Magic:  0/9        EV: 13    Int: 15    God:
Gold:   148        SH:  0    Dex: 11    Spells: 3/9 levels left

rFire    . . .     SeeInvis +   r - +0 spear
rCold    . . .     Gourm    .   (no shield)
rNeg     . . .     Faith    .   a - +0 robe (curse)
rPois    .         Spirit   .   (helmet unavailable)
rElec    .         Reflect  .   (no cloak)
rCorr    .         Harm     .   (no gloves)
MR       .....                  (no boots)
Stlth    ++........             (no amulet)
HPRegen  0.16/turn              (no ring)
MPRegen  0.11/turn              (no ring)

@: no status effects
A: permanent stasis, dig shafts and tunnels, four strong arms, antennae 3
a: Dig, Shaft Self


You were on level 3 of the Dungeon.
You were not hungry.

You visited 1 branch of the dungeon, and saw 3 of its levels.

You collected 148 gold pieces.

Inventory:

Hand Weapons
 q - a +0 dagger of venom
 r - a +0 spear (weapon)
Missiles
 b - 77 stones (quivered)
Armour
 a - a cursed +0 robe (worn)
Scrolls
 c - 2 scrolls of enchant armour {unknown}
 g - 5 scrolls of teleportation {unknown}
 h - 2 scrolls of remove curse {unknown}
 i - 4 scrolls of identify {unknown}
 k - a scroll of fog {unknown}
 m - 2 scrolls of amnesia {unknown}
Potions
 e - 3 potions of curing {unknown}
 f - 2 potions of lignification {unknown}
 j - a potion of flight {unknown}
 n - a potion of degeneration {unknown}
 o - a potion of experience {unknown}
 p - a potion of mutation {unknown}
 s - a potion of ambrosia {unknown}
Comestibles
 d - 7 rations
 l - 2 chunks of flesh


   Skills:
 + Level 3.9 Fighting
 + Level 3.8 Dodging
 - Level 2.4 Stealth
 - Level 2.1 Spellcasting
   Level 1.1 Transmutations
 + Level 5.7 Earth Magic


You had 3 spell levels left.
You knew the following spells:

 Your Spells              Type           Power        Failure   Level  Hunger
a - Sandblast             Erth           ###...       1%          1    #......
b - Lee's Rapid Deconstr  Erth           ###.......   50%         5    ######.

Your spell library contained the following spells:

 Spells                   Type           Power        Failure   Level  Hunger
 Passwall                 Tmut/Erth      ##......     9%          2    ###....
 Stone Arrow              Conj/Erth      ##....       21%         3    ###....
 Petrify                  Tmut/Erth      ##......     47%         4    #####..


Dungeon Overview and Level Annotations

Branches:
Dungeon (3/15)

Altars:
Fedhas
Kikubaaqudgha
Sif Muna

Annotations:
D:3 2 transporters, Ijyb


Innate Abilities, Weirdness & Mutations

You cannot be hasted, slowed, berserked, paralysed or teleported.
You can dig through walls and to a lower floor.
Your four strong arms can wield two-handed weapons with a shield.
You have a pair of large antennae on your head. (SInv)


Message History

Ijyb is almost dead.
The rat barely misses you. Ijyb barely misses you.
You completely miss Ijyb.
Ijyb is almost dead.
The rat barely misses you. Ijyb hits you. The rat bites you.
Casting: Sandblast (safe; 1% risk of failure)
Confirm with . or Enter, or press ? or * to list all spells.
Aiming: Sandblast (safe; 1% risk of failure)
Press: ? - help, Shift-Dir - straight line, f/p - Ijyb
Aim: Ijyb, wearing a +0 leather armour and carrying a wand of disintegration (10) (almost dead)
The blast of sand hits Ijyb.
Ijyb is almost dead.
b - 77 stones Ijyb zaps a wand.
You are blasted!
* * * LOW HITPOINT WARNING * * *
The rat misses you.
You barely miss Ijyb.
Ijyb is almost dead.
Ijyb hits you.
You die...

#.......# #...# #
#..(....# #...# #
#.......# #...# #
#.......#
#########...# #
#.....).#
#...........# #
#.......# #........
# #.......#
#........ #
#.......# #gr......
#
#.......####@.......
#
#...................
#######.............
#......#######
............#
{...........?.#
............!#
...............
.............##.


You could see Ijyb and a rat.

Vanquished Creatures
  An ogre (D:2)
  A centaur (D:2)
  A worker ant (D:3)
  Robin (D:3)
  7 adders
  2 oozes
  A worm (D:2)
  3 dart slugs
  3 leopard geckos
  6 bats
  3 giant cockroaches
  12 goblins
  6 hobgoblins
  8 jackals
  8 kobolds
  2 quokkas (D:2)
  5 frilled lizards
  6 rats
76 creatures vanquished.

Notes
Turn   | Place    | Note
-------+----------+-------------------------------------------
     0 | D:1      | zishaf the Formicid Earth Elementalist began the quest for
                  | the Orb.
     0 | D:1      | Reached XP level 1. HP: 13/13 MP: 3/3
   338 | D:1      | Reached XP level 2. HP: 15/20 MP: 0/5
   669 | D:1      | Reached skill level 1 in Fighting
   720 | D:1      | Reached skill level 4 in Earth Magic
   938 | D:1      | Reached XP level 3. HP: 26/26 MP: 4/6
  1038 | D:2      | Noticed a centaur
  1052 | D:2      | Killed a centaur
  1052 | D:2      | Reached XP level 4. HP: 11/34 MP: 1/7
  1052 | D:2      | Reached XP level 5. HP: 12/39 MP: 1/8
  1535 | D:2      | Found a blossoming altar of Fedhas.
  1557 | D:2      | Noticed an ogre
  1562 | D:2      | Found a deep blue altar of Sif Muna.
  1913 | D:2      | Killed an ogre
  1913 | D:2      | Reached skill level 5 in Earth Magic
  1913 | D:2      | Reached XP level 6. HP: 40/47 MP: 4/9
  2336 | D:2      | Learned a level 5 spell: Lee's Rapid Deconstruction
  2625 | D:3      | Noticed Robin
  2859 | D:3      | Killed Robin
  3032 | D:3      | Found an ancient bone altar of Kikubaaqudgha.
  3443 | D:3      | Found a transporter.
  3480 | D:3      | Found a transporter.
  3628 | D:3      | Noticed Ijyb
  3653 | D:3      | Slain by Ijyb

Vault maps used:
D:1:      zaba_arrival_water, chequers_serial_rivers_marsh, minmay_cupped
D:2:      lemuel_crystal_altar, lemuel_crystal_altar
D:3:      gammafunk_steamed_eel, kiku_gazebo_garden_becter,
          gammafunk_temple_overflow_elements, first_ration, uniq_robin,
          uniq_ijyb

Skill      XL: |  1  2  3  4  5 |
---------------+----------------+-----
Dodging        | 2 3 |  3.8
Fighting       | 1 2 3 |  3.9
Earth Magic    | 4 5 |  5.7
Stealth        | |  2.4
Spellcasting   | |  2.1
Transmutations | |  1.1

Action                   |  1- 3 |  4- 6 || total
-------------------------+-------+-------++-------
Melee: Unarmed           |     6 |       ||     6
       Short sword       |     8 |    90 ||    98
       Spear             |       |    32 ||    32
       Dagger            |       |    23 ||    23
 Cast: Sandblast         |    22 |    65 ||    87
 Stab: Sleeping          |       |     3 ||     3
  Eat: Chunk             |     1 |     9 ||    10
Armor: Robe              |     5 |    23 ||    28
Dodge: Dodged            |    28 |   151 ||   179

Table legend:
 A = Non-vault XP
 B = Vault XP
 C = Vault XP percentage of total XP
 D = Non-vault monster count
 E = Vault monster count
 F = Vault count percentage of total count
                 A         B        C        D         E       F
            +---------+---------+-------+---------+---------+-------
      Total |     465 |      38 |   7.6 |      62 |      14 |  18.4
            +---------+---------+-------+---------+---------+-------
        D:1 |      36 |       2 |   5.3 |      15 |       2 |  11.8
        D:2 |     342 |       4 |   1.2 |      31 |       2 |   6.1
        D:3 |      87 |      32 |  26.9 |      16 |      10 |  38.5
            +---------+---------+-------+---------+---------+-------
